General information
- name: BNet
- type: Ladder team game (AT/RT)
- host: Battle.net
- saver: walkingchaos
map: Goldshire
- players: 4
- length: 17:05
- speed: Fast
- version: 1.23 W3XP
- replay type: Public
» download(104 KB)
Players
team 1 (loser)
Tennis (
blue | 92 APM | 1571 actions | 17:01)
3 Archmage
1 Summon Water Elemental
1 Brilliance Aura
1 Blizzard
3 Mountain King
2 Storm Bolt
1 Thunder Clap
» actions
| Assign group hotkey | 38 | |
| Basic commands | 85 | |
| Build / train | 66 | |
| ESC pressed | 2 | |
| Enter build submenu | 19 | |
| Enter hero's abilities submenu | 6 | |
| Give item / drop item | 3 | |
| Right click | 572 | |
| Select / deselect | 373 | |
| Select group hotkey | 295 | |
| Use ability | 112 | |
1571 total
» units
| Peasant | 11 | |
| Footman | 9 | |
| Rifleman | 5 | |
| Sorceress | 2 | |
| Priest | 1 | |
| Spell Breaker | 2 | |
30 total
» upgrades
| Defend | 1 | |
| Long Rifles | 1 | |
| Sorceress Training | 1 | |
| Priest Training | 1 | |
| Gunpowder | 2 | |
| Masonry | 1 | |
| Armor | 1 | |
8 total
» buildings
| Altar of Kings | 1 | |
| Farm | 9 | |
| Barracks | 2 | |
| Scout Tower | 1 | |
| Arcane Tower | 3 | |
| Arcane Vault | 1 | |
| Lumber Mill | 1 | |
| Keep | 1 | |
| Blacksmith | 1 | |
| Arcane Sanctum | 2 | |
| Town Hall | 1 | |
23 total
» build order
00:18 Altar of Kings
00:31 Farm
00:33 Barracks
01:05 Farm
01:40 Scout Tower
02:07 Arcane Tower
02:07 Arcane Tower
02:14 Farm
03:08 Arcane Vault
03:10 Lumber Mill
03:57 Farm
04:04 Keep
05:21 Blacksmith
05:47 Farm
05:48 Farm
06:28 Arcane Sanctum
06:30 Arcane Sanctum
09:53 Farm
10:57 Farm
10:58 Farm
12:42 Town Hall
14:59 Barracks
» items
| Scroll of Regeneration | 3 | |
| Scroll of Town Portal | 3 | |
| Potion of Healing | 2 | |
| Lesser Clarity Potion | 1 | |
9 total
zA.AbazA (
yellow | 112 APM | 1916 actions | 17:04)
2 Demon Hunter
1 Mana Burn
1 Evasion
2 Pandaren Brewmaster
1 Breath of Fire
1 Drunken Haze
» actions
| Assign group hotkey | 90 | |
| Basic commands | 117 | |
| Build / train | 61 | |
| ESC pressed | 4 | |
| Enter build submenu | 18 | |
| Enter hero's abilities submenu | 4 | |
| Right click | 709 | |
| Select / deselect | 429 | |
| Select group hotkey | 420 | |
| Use ability | 64 | |
1916 total
» units
| Wisp | 17 | |
| Huntress | 7 | |
| Glaive Thrower | 4 | |
| Archer | 7 | |
| Dryad | 6 | |
41 total
» upgrades
| Improved Bows | 1 | |
| Abolish Magic | 1 | |
| Strength of the Moon | 1 | |
3 total
» buildings
| Altar of Elders | 1 | |
| Moon Well | 7 | |
| Ancient of War | 2 | |
| Hunter's Hall | 1 | |
| Ancient Protector | 4 | |
| Tree of Ages | 1 | |
| Ancient of Lore | 2 | |
| Tree of Eternity | 4 | |
22 total
» build order
00:04 Altar of Elders
00:05 Moon Well
01:17 Ancient of War
01:42 Hunter's Hall
01:55 Moon Well
02:16 Ancient of War
02:48 Moon Well
04:21 Ancient Protector
04:22 Ancient Protector
06:46 Moon Well
06:49 Ancient Protector
06:58 Moon Well
08:10 Tree of Ages
08:50 Ancient Protector
10:59 Moon Well
12:41 Ancient of Lore
13:20 Ancient of Lore
13:32 Tree of Eternity
13:33 Tree of Eternity
13:33 Tree of Eternity
14:07 Moon Well
team 2 (winner)

»
BASSBOY (
pink | 50 APM | 849 actions | 17:04)
6 Mountain King
3 Storm Bolt
2 Bash
1 Avatar
» actions
| Assign group hotkey | 25 | |
| Basic commands | 12 | |
| Build / train | 60 | |
| Enter build submenu | 17 | |
| Enter hero's abilities submenu | 7 | |
| Give item / drop item | 1 | |
| Right click | 409 | |
| Select / deselect | 149 | |
| Select group hotkey | 106 | |
| Use ability | 63 | |
849 total
» units
| Peasant | 11 | |
| Rifleman | 11 | |
| Mortar Team | 7 | |
29 total
» upgrades
| Gunpowder | 3 | |
| Long Rifles | 1 | |
| Fragmentation Shards | 1 | |
| Armor | 2 | |
| Flare | 1 | |
8 total
» buildings
| Altar of Kings | 1 | |
| Farm | 7 | |
| Barracks | 1 | |
| Blacksmith | 1 | |
| Scout Tower | 1 | |
| Arcane Tower | 1 | |
| Arcane Vault | 1 | |
| Lumber Mill | 1 | |
| Keep | 1 | |
| Workshop | 1 | |
| Castle | 1 | |
| Town Hall | 1 | |
18 total
» build order
00:19 Altar of Kings
00:30 Farm
00:57 Barracks
01:32 Blacksmith
01:49 Farm
01:52 Scout Tower
02:42 Arcane Tower
03:17 Farm
03:30 Arcane Vault
04:02 Lumber Mill
04:34 Keep
05:16 Farm
07:03 Workshop
07:48 Castle
08:14 Farm
08:28 Farm
12:49 Farm
13:50 Town Hall
» items
| Scroll of Regeneration | 4 | |
| Lesser Clarity Potion | 3 | |
| Scroll of Town Portal | 2 | |
| Potion of Healing | 1 | |
| Orb of Fire | 1 | |
| Scroll of Protection | 1 | |
| Scroll of Healing | 1 | |
13 total

»
walkingchaos (
purple | 128 APM | 2193 actions | 17:05)
5 Death Knight
3 Death Coil
2 Unholy Aura
4 Lich
2 Frost Nova
2 Dark Ritual
2 Crypt Lord
1 Impale
1 Spiked Carapace
» actions
| Assign group hotkey | 59 | |
| Basic commands | 152 | |
| Build / train | 52 | |
| ESC pressed | 2 | |
| Enter build submenu | 20 | |
| Enter hero's abilities submenu | 11 | |
| Right click | 843 | |
| Select / deselect | 407 | |
| Select group hotkey | 547 | |
| Use ability | 100 | |
2193 total
» units
| Acolyte | 4 | |
| Ghoul | 12 | |
| Gargoyle | 3 | |
| Obsidian Statue | 3 | |
| Abomination | 1 | |
23 total
» upgrades
| Ghoul Frenzy | 1 | |
| Destroyer Form | 1 | |
2 total
» buildings
| Crypt | 2 | |
| Graveyard | 1 | |
| Altar of Darkness | 1 | |
| Ziggurat | 8 | |
| Tomb of Relics | 1 | |
| Halls of the Dead | 1 | |
| Spirit Tower | 1 | |
| Black Citadel | 2 | |
| Slaughterhouse | 2 | |
| Sacrificial Pit | 1 | |
| Boneyard | 1 | |
21 total
» build order
00:04 Crypt
00:09 Graveyard
00:36 Altar of Darkness
00:46 Ziggurat
01:34 Tomb of Relics
02:11 Ziggurat
02:54 Halls of the Dead
04:01 Crypt
04:16 Ziggurat
04:18 Ziggurat
04:37 Spirit Tower
05:48 Ziggurat
08:21 Black Citadel
10:12 Slaughterhouse
10:18 Ziggurat
12:03 Slaughterhouse
12:52 Sacrificial Pit
13:14 Ziggurat
15:13 Ziggurat
15:47 Boneyard
» items
| Rod of Necromancy | 3 | |
| Sacrificial Skull | 2 | |
| Orb of Corruption | 1 | |
6 total
Chat log
(00:07 / Allies) BASSBOY: hackerrrrrrrrrrrrrrrrrrs
(00:08 / Allies) BASSBOY: yay
(00:25 / Allies) BASSBOY: rifle mort or foot caster?
(00:29 / Allies) walkingchaos: rifle mort
(00:45 / Allies) BASSBOY: he scouted
(00:46 / Allies) BASSBOY: so fast...
(00:52 / Allies) walkingchaos: towerers
(00:54 / Allies) walkingchaos: maybe
(01:06 / Allies) walkingchaos: can u scuot plz
(01:15 / Allies) walkingchaos: so i can dual crypt and sell tp
(01:29 / Allies) walkingchaos: he ALWAYS tower rushes
(01:30 / Allies) walkingchaos: iwth ud
(01:37 / Allies) BASSBOY: hes elf
(01:38 / Allies) BASSBOY: and other hu
(01:41 / Allies) BASSBOY: or vise versa
(02:14 / Allies) BASSBOY: dh
(03:03 / Allies) BASSBOY: lmao
(03:07 / Allies) BASSBOY: nerd down
(04:04 / Allies) walkingchaos: im going gargs haha
(04:11 / Allies) BASSBOY: care
(05:12 / Allies) BASSBOY: hu expo'd
(05:59 / Allies) BASSBOY: dude
(06:31 / Allies) BASSBOY: he wont let me leave
(06:45 / Allies) BASSBOY: b
(07:15 / Allies) walkingchaos: dude
(07:18 / Allies) walkingchaos: just sen all militia
(07:18 / Allies) walkingchaos: rofl
(08:33 / Allies) walkingchaos: rfle
(08:42 / Allies) BASSBOY: why chase?
(08:47 / Allies) BASSBOY: we countering?
(09:13 / Allies) BASSBOY: getting a tp
(09:14 / Allies) BASSBOY: the nbrt
(09:22 / All) zA.AbazA: nj
(10:21 / Allies) BASSBOY: t3
(10:25 / Allies) walkingchaos: ditto
(10:27 / Allies) walkingchaos: we shud hit wen i get frenzy
(10:57 / Allies) walkingchaos: omw
(11:02 / Allies) walkingchaos: hurt dh
(11:25 / Allies) BASSBOY: run
(11:26 / Allies) BASSBOY: to ur base
(11:49 / Allies) BASSBOY: tping
(11:51 / Allies) BASSBOY: or no?
(12:00 / Allies) walkingchaos: theyr so stupid
(12:17 / Allies) BASSBOY: its funny
(12:19 / Allies) BASSBOY: cause they expod
(12:25 / Allies) walkingchaos: really?
(12:29 / Allies) BASSBOY: $10
(12:30 / Allies) walkingchaos: lets hit then
(12:31 / Allies) BASSBOY: wanna see it?
(12:33 / Allies) BASSBOY: gimem a sec
(13:00 / Allies) walkingchaos: see
(13:01 / Allies) BASSBOY: OWNED
(13:02 / Allies) BASSBOY: xD
(13:02 / Allies) walkingchaos: i knew if they did expo
(13:03 / Allies) walkingchaos: id be late
(13:04 / Allies) walkingchaos: it'd
(13:27 / Allies) BASSBOY: hes got a lot of archs
(13:31 / Allies) walkingchaos: who cares
(13:33 / Allies) walkingchaos: their heros are paper
(13:35 / Allies) BASSBOY: I DO
(13:36 / Allies) walkingchaos: lets hit after u creep that
(13:50 / Allies) walkingchaos: archers will be attacking dest
(13:51 / Allies) walkingchaos: how abuot that
(14:11 / Allies) walkingchaos: tp
(14:13 / Allies) BASSBOY: ill tp
(16:09 / Allies) BASSBOY: panda